 Dungeon Crawl Stone Soup version 0.28.0-49-g6dfe1f597d (webtiles) character file.

Game seed: 17508009779678457536

60 Exodus22XD the Covered (level 3, 19/34 HPs)
             Began as a Deep Dwarf Fighter on May 14, 2022.
             Was a Follower of Trog.
             Quit the game on level 2 of the Dungeon.
             The game lasted 00:01:18 (2135 turns).

Exodus22XD the Covered (Deep Dwarf Fighter)         Turns: 2135, Time: 00:01:18

Health: 19/34      AC:  7    Str: 21    XL:     3   Next: 82%
Magic:  3/3        EV:  9    Int:  8    God:    Trog [*.....]
Gold:   60         SH:  4    Dex: 12    Spells: 2/2 levels left

rFire   . . .      SeeInvis .   m - +9 whip of the First Wishes {protect, Fly rElec rN+ Stlth-}
rCold   . . .      Faith    .   c - +0 buckler
rNeg    + . .      Spirit   .   b - +0 scale mail
rPois   .          Reflect  .   (no helmet)
rElec   +          Harm     .   (no cloak)
rCorr   .          Rampage  .   (no gloves)
Will    .....                   (no boots)
Stlth   ..........              (no amulet)
HPRegen 0.00/turn               (no ring)
MPRegen 0.08/turn               (no ring)

@: flying
A: damage resistance, heal wounds, sense surroundings 1, no regeneration
a: Heal Wounds, Renounce Religion, Berserk


You were on level 2 of the Dungeon.
You worshipped Trog.
Trog was aware of your devotion.
You visited 1 branch of the dungeon, and saw 2 of its levels.

You collected 60 gold pieces.

Inventory:

Hand Weapons
 a - a +0 war axe
 m - the +9 whip of the First Wishes (weapon) {protect, Fly rElec rN+ Stlth-}
   (You found it on level 2 of the Dungeon)

   It grants its wielder temporary protection when it strikes (+7 to AC).
   rElec:     It insulates you from electricity.
   rN:        It protects you from negative energy.
   Fly:       It grants you flight.
   Stlth:     It makes you less stealthy.
Armour
 b - a +0 scale mail (worn)
 c - a +0 buckler (worn)
Jewellery
 j - a ring of fire
Scrolls
 f - a scroll of enchant weapon {unknown}
 h - a scroll of brand weapon {unknown}
 i - a scroll of immolation {unknown}
 n - 2 scrolls of teleportation {unknown}
 o - a scroll of identify {unknown}
Potions
 d - a potion of might
 e - a potion of resistance {unknown}
 g - a potion of degeneration {unknown}
 k - a potion of magic {unknown}
 l - a potion of heal wounds {unknown}
 p - a potion of ambrosia {unknown}


   Skills:
 + Level 3.1 Fighting
 + Level 3.1 Axes
 + Level 4.0 Armour
 + Level 3.7 Shields


You had 2 spell levels left.
You didn't know any spells.
Your spell library was empty.

Dungeon Overview and Level Annotations

Branches:
Dungeon (2/15)

Altars:
Trog


Innate Abilities, Weirdness & Mutations

You are resistant to damage.
You can heal yourself by infusing magical energy.
You passively map a small area around you.
You do not regenerate.


Message History

A dart slug is nearby!
A dart slug is nearby!
A dart slug is nearby!
You whack the dart slug!
Your weapon exudes an aura of protection.
You kill the dart slug!
You see here a dart slug corpse.
You see here a dart slug corpse.
Found an escape hatch in the floor.
No target in view!
A ball python comes into view.
The ball python hisses angrily.
You hit the ball python.
Your weapon exudes an aura of protection.
You kill the ball python!
Found an escape hatch in the ceiling.
No target in view!
Key pressed, stopping explore.
No target in view!
Key pressed, stopping explore.
Key pressed, stopping explore.
No target in view!
Key pressed, stopping explore.
No target in view!
No target in view!
There is an open door here.
Key pressed, stopping explore.
No target in view!
There is a faded altar of an unknown god here.
Done exploring.
No target in view!
Done exploring.
No target in view!
Done exploring.
No target in view!
You cannot tell which god this altar belongs to.
Convert to them anyway?
Trog accepts your prayer! Trog welcomes you!
You can now go berserk at will.
Are you sure you want to abandon this character and quit the game? (Confirm with "yes".)

#....#.# #.# ###
#..###'### #.# #..
#..#...P.# #.# #..
####...PP# #.#####..
#.)...# #........
#.P.P.# #######..
##...#############..
##.###.....[.......
#@# #.############
##P###.# ##P.P##.#
#.PPPP#.#


#PPPPP#.# #.PP.P#.# #PPPPP#.# ###'###.# #.....# There were no monsters in sight!

Vanquished Creatures
  An adder (D:2)
  A worm (D:2)
  3 dart slugs
  4 bats
  5 endoplasms
  5 giant cockroaches
  2 goblins (D:2)
  5 hobgoblins
  2 jackals (D:1)
  2 quokkas
  5 ball pythons
  2 frilled lizards
  A kobold (D:1)
  A rat (D:1)
39 creatures vanquished.

Notes
Turn   | Place    | Note
-------+----------+-------------------------------------------
     0 | D:1      | Exodus22XD the Deep Dwarf Fighter began the quest for the
                  | Orb.
     0 | D:1      | Reached XP level 1. HP: 20/20 MP: 1/1
   225 | D:1      | Reached XP level 2. HP: 25/27 MP: 2/2
   696 | D:1      | Reached XP level 3. HP: 32/34 MP: 3/3
  1254 | D:2      | Identified the +9 whip of the First Wishes {protect, Fly
                  | rElec rN+ Stlth-}
  1626 | D:2      | Found a faded altar of an unknown god.
  1650 | D:2      | Reached skill level 4 in Armour
  2134 | D:2      | Prayed at the altar of an unknown god.
  2134 | D:2      | Became a worshipper of Trog the Wrathful
  2134 | D:2      | Reached * piety under Trog
  2135 | D:2      | Quit the game

Illustrated notes

Levels and vault maps discovered:
D:1:      nzn_arrival_crosshair, layout_basic, minmay_hedge_maze, st_stairs_13
D:2:      layout_basic, shapermc_ecumenical_altar_flowoftime,
          amcnicky_mini_pool_small, skrybe_limestone_x, grunt_ministairs_6,
          hangedman_glass_teeth, hangedman_decor_push,
          amcnicky_mini_corridor_feature

Skill      XL: |  1  2  3 |
---------------+----------+-----
Fighting       | 3 |  3.1
Axes           | 3 |  3.1
Armour         | 4 |  4.0
Shields        | |  3.7

Action                   || total
-------------------------++-------
Melee: War axe           ||   113
       Whip              ||    11
Armor: Scale mail        ||    61
Dodge: Dodged            ||    40
Block: Buckler           ||    21
